 Dungeon Crawl Stone Soup version 0.27-a0-1456-gf5a116941d (webtiles) character file.

Game seed: 14906494742365752611

589251 trckry the Ruinous (level 26, 0/173 HPs)
             Began as a Deep Elf Fire Elementalist on July 4, 2021.
             Was the Champion of Vehumet.
             Killed from afar by a golden dragon (47 damage)
             ... with a bolt of fire
             ... on level 2 of the Realm of Zot on July 7, 2021.
             The game lasted 07:08:13 (83983 turns).

trckry the Ruinous (Deep Elf Fire Elementalist)    Turns: 83983, Time: 07:08:14

Health: 0/173      AC: 26    Str: 23    XL:     26   Next: 16%
Magic:  0/57       EV: 15    Int: 34    God:    Vehumet [******]
Gold:   4442       SH: 14    Dex: 11    Spells: 8/63 levels left

rFire    . . .     SeeInvis +   b - +5 scimitar (elec)
rCold    + . .     Faith    .   O - +2 buckler {reflect}
rNeg     . . .     Spirit   +   t - +4 faerie dragon scales {rElec rCorr MP+9 Str+10 Dex-2}
rPois    +         Reflect  +   K - +2 hat {SInv}
rElec    +         Harm     .   Q - +2 cloak {Stlth+}
rCorr    +         Rampage  .   S - +2 pair of gloves {Str+3}
Will     ++++.                  M - +1 pair of boots of Action {*Corrode Will++}
Stlth    +++.......             D - brooch of Shielding {Spirit SH+8}
HPRegen  0.38/turn              J - ring of wizardry
MPRegen  0.35/turn              y - ring of the Pariah {rElec rPois rC+ Int+6 Dex-2}

@: very slightly contaminated, hasted, studying Throwing, invisible, very quick
A: horns 1, iridescent scales 1, robust 1
}: 3/15 runes: barnacled, slimy, gossamer
a: Renounce Religion


You were on level 2 of the Realm of Zot.
You worshipped Vehumet.
Vehumet was exalted by your worship.
You visited 11 branches of the dungeon, and saw 52 of its levels.
You visited 1 bazaar.
You also visited: Ossuary, Gauntlet and Ice Cave.

You collected 7886 gold pieces.
You spent 3444 gold pieces at shops.

Inventory:

Hand Weapons
 b - a +5 scimitar of electrocution (weapon)
Missiles
 g - 19 throwing nets
 P - 37 silver javelins (quivered)
 Z - 12 boomerangs of dispersal
Armour
 t - the +4 faerie dragon scales (worn) {rElec rCorr MP+9 Str+10 Dex-2}
   (You took it off the Enchantress on level 2 of the Depths)

   Str:       It affects your strength (+10).
   Dex:       It affects your dexterity (-2).
   rElec:     It insulates you from electricity.
   MP:        It affects your magic capacity (+9).
   rCorr:     It protects you from acid and corrosion.
 K - a +2 hat of see invisible (worn)
 M - the +1 pair of boots of Action (worn) {*Corrode Will++}
   (You found it in a Gauntlet)

   *Corrode:  It may corrode you when you take damage.
   Will:      It greatly increases your willpower.
 O - a +2 buckler of reflection (worn)
 Q - a +2 cloak of stealth (worn)
 S - a +2 pair of gloves of strength (worn)
Magical Staves
 a - a staff of conjuration
Jewellery
 c - the ring of the Blind Eye {Ice rN+ Will++ Dex+2}
   (You found it on level 3 of the Elven Halls)

   [ring of ice]

   It enhances your ice magic.
   Dex:       It affects your dexterity (+2).
   rF:        It makes you vulnerable to fire.
   rC:        It protects you from cold.
   rN:        It protects you from negative energy.
   Will:      It greatly increases your willpower.
 m - the ring "Gedootios" {Fly Int+4}
   (You found it on level 3 of the Elven Halls)

   [ring of flight]

   Int:       It affects your intelligence (+4).
   Fly:       It grants you flight.
 p - a ring of positive energy
 y - the ring of the Pariah (right hand) {rElec rPois rC+ Int+6 Dex-2}
   (You found it on level 1 of the Depths)

   [ring of protection from cold]

   Int:       It affects your intelligence (+6).
   Dex:       It affects your dexterity (-2).
   rC:        It protects you from cold.
   rElec:     It insulates you from electricity.
   rPois:     It protects you from poison.
 D - the brooch of Shielding (around neck) {Spirit SH+8}
   (You found it on level 2 of the Depths)

   [amulet of guardian spirit]

   It causes incoming damage to be divided between your reserves of health and
   magic.
   SH:        It affects your SH (+8).
 J - a ring of wizardry (left hand)
 N - a ring of willpower
Wands
 o - a wand of paralysis (24)
 w - a wand of digging (11)
 E - a wand of acid (52)
 H - a wand of iceblast (94)
Scrolls
 d - a scroll of brand weapon
 e - 44 scrolls of identify
 h - 3 scrolls of vulnerability
 i - 23 scrolls of teleportation
 k - 12 scrolls of immolation
 l - 2 scrolls of enchant armour
 x - 2 scrolls of summoning
 B - a scroll of amnesia
 C - 4 scrolls of fog
 F - 7 scrolls of magic mapping
 G - 5 scrolls of fear
 T - 4 scrolls of silence
 Y - 3 scrolls of holy word
Potions
 f - 6 potions of mutation
 j - 2 potions of berserk rage
 n - 4 potions of resistance
 q - 4 potions of haste
 s - 6 potions of might
 v - a potion of heal wounds
 z - 3 potions of invisibility
 A - 25 potions of curing
 L - a potion of cancellation
 R - a potion of magic
 V - 4 potions of brilliance
Miscellaneous
 r - a phial of floods
 u - a box of beasts
 I - a lightning rod (4/4)
 U - a phantom mirror
 W - a tin of tremorstones (2/2)
 X - a condenser vane


   Skills:
 + Level 14.2 Fighting
 - Level 10.0 Armour
 - Level 10.0 Dodging
 - Level 2.4 Stealth
 - Level 4.0 Shields
 + Level 19.4 Spellcasting
 + Level 23.9 Conjurations
 - Level 5.0 Summonings
 - Level 5.0 Translocations
 * Level 23.5 Fire Magic
 * Level 13.7 Air Magic
 + Level 19.2 Earth Magic


You had 8 spell levels left.
You knew the following spells:

 Your Spells              Type           Power      Damage    Failure   Level
a - Apportation           Tloc           100%       N/A       1%          1
b - Swiftness             Air            91%        N/A       0%          3
c - Spellforged Servitor  Conj/Summ      46%        N/A       1%          7
d - Chain Lightning       Conj/Air       51%        3d68      6%          9
e - Bolt of Magma         Conj/Fire/Erth 55%        4d22      0%          5
f - Orb of Destruction    Conj           57%        9d16      1%          7
g - Iron Shot             Conj/Erth      55%        9d10      1%          6
h - Ignition              Fire           57%        3d16      1%          8
i - Fire Storm            Conj/Fire      57%        8d14      1%          9

Your spell library contained the following spells:

 Spells                   Type           Power      Damage    Failure   Level
 Shatter                  Erth           52%        3d39*     5%          9
 Foxfire                  Conj/Fire      100%       2x1d9     0%          1
 Magic Dart               Conj           100%       1d8       0%          1
 Shock                    Conj/Air       100%       1d9       0%          1
 Conjure Flame            Conj/Fire      100%       6-21      0%          3
 Stone Arrow              Conj/Erth      100%       3d13      0%          3
 Sticky Flame             Conj/Fire      100%       2d11      0%          4
 Fireball                 Conj/Fire      57%        3d22      0%          5
 Iskenderun's Battlesphe  Conj           100%       2d15      0%          5
 Lee's Rapid Deconstruct  Erth           52%        3d25*     0%          5
 Animate Skeleton         Necr           66%        N/A       1%          1
 Beastly Appendage        Tmut           66%        N/A       1%          1
 Corona                   Hex            36%        N/A       1%          1
 Freeze                   Ice            100%       1d11      1%          1
 Pain                     Necr           100%       1d9       1%          1
 Sting                    Tmut/Pois      100%       1d8       1%          1
 Summon Small Mammal      Summ           100%       N/A       1%          1
 Ensorcelled Hibernation  Hex/Ice        66%        N/A       1%          2
 Passwall                 Tmut/Erth      65%        N/A       1%          2
 Slow                     Hex            33%        N/A       1%          2
 Wereblood                Tmut           33%        N/A       1%          2
 Call Canine Familiar     Summ           61%        N/A       1%          3
 Confusing Touch          Hex            33%        N/A       1%          3
 Dazzling Flash           Conj/Hex       100%       N/A       1%          3
 Frozen Ramparts          Ice            66%        1d8       1%          3
 Gell's Gravitas          Tloc           30%        N/A       1%          3
 Ignite Poison            Fire/Tmut/Pois 72%        N/A       1%          3
 Inner Flame              Hex/Fire       85%        N/A       1%          3
 Lesser Beckoning         Tloc           30%        N/A       1%          3
 Ozocubu's Armour         Ice            33%        N/A       1%          3
 Portal Projectile        Hex/Tloc       100%       N/A       1%          3
 Spider Form              Tmut/Pois      16%        N/A       1%          3
 Summon Guardian Golem    Hex/Summ       50%        N/A       1%          3
 Teleport Other           Tloc           61%        N/A       1%          3
 Vampiric Draining        Necr           16%        2d8       1%          3
 Airstrike                Air            45%        N/A       1%          4
 Animate Armour           Summ/Erth      100%       N/A       1%          4
 Fulminant Prism          Conj/Hex       42%        3d20      1%          4
 Hailstorm                Conj/Ice       85%        3d17      1%          4
 Iskenderun's Mystic Bla  Conj/Tloc      92%        2d18      1%          4
 Passage of Golubria      Tloc           N/A        N/A       1%          4
 Petrify                  Tmut/Erth      78%        N/A       1%          4
 Summon Ice Beast         Ice/Summ       50%        N/A       1%          4
 Summon Lightning Spire   Summ/Air       77%        N/A       1%          4
 Borgnjor's Vile Clutch   Necr/Erth      39%        N/A       1%          5
 Freezing Cloud           Conj/Ice/Air   43%        6-21      1%          5
 Silence                  Hex/Air        34%        N/A       1%          5
 Summon Forest            Summ/Tloc      30%        N/A       1%          5
 Conjure Ball Lightning   Conj/Air       51%        3x3d18    1%          6
 Statue Form              Tmut/Erth      52%        N/A       1%          6
 Lehudib's Crystal Spear  Conj/Erth      55%        10d13     1%          8
 Animate Dead             Necr           16%        N/A       4%          4
 Ice Form                 Ice/Tmut       33%        N/A       4%          4
 Summon Mana Viper        Hex/Summ       50%        N/A       4%          5
 Yara's Violent Unravell  Hex/Tmut       16%        3d8       4%          5
 Dispersal                Tloc           30%        N/A       10%         6
 Shadow Creatures         Summ           N/A        N/A       10%         6
 Agony                    Necr           33%        N/A       13%         5
 Blade Hands              Tmut           16%        N/A       13%         5
 Excruciating Wounds      Necr           16%        N/A       13%         5
 Metabolic Englaciation   Hex/Ice        16%        N/A       13%         5
 Monstrous Menagerie      Summ           30%        N/A       45%         7
 Death Channel            Necr           16%        N/A       56%         6
 Invisibility             Hex            16%        N/A       56%         6
 Simulacrum               Ice/Necr       16%        N/A       56%         6
 Ozocubu's Refrigeration  Ice            16%        4d8       63%         7
 Disjunction              Tloc           30%        N/A       98%         8
 Borgnjor's Revivificati  Necr           16%        N/A       100%        8
 Infestation              Necr           16%        N/A       100%        8
 Polar Vortex             Ice            16%        N/A       100%        9


Dungeon Overview and Level Annotations

Branches:
Dungeon (15/15)            Temple (1/1) D:7            Lair (6/6) D:9
 Shoals (4/4) Lair:4       Spider (4/4) Lair:3        Slime (5/5) Lair:5
    Orc (2/2) D:10            Elf (3/3) Orc:2        Vaults (4/5) D:14
  Crypt (0/3) Vaults:3     Depths (5/5) D:15            Zot (3/5) Depths:5
Ossuary (visited)           IceCv (visited)         Gauntlet (visited)

Altars:
Ashenzari
Cheibriados
Dithmenos
Elyvilon
Fedhas
Gozag
Hepliaklqana
Kikubaaqudgha
Makhleb
Nemelex Xobeh
Okawaru
Qazlal
Ru
Sif Muna
Trog
Uskayaw
Vehumet
Wu Jian
Xom
Yredelemnul
Zin
The Shining One
Beogh

Shops:
D:1 !   D:2 ?   D:8 *   D:10 (   Orc:1 ?   Orc:2 *[(:[**([   Elf:1 *!   Elf:2 :
Elf:3 !([[   Shoals:1 ?   Vaults:2 =   Vaults:3 :   Depths:3 ?[[(   Depths:4 =
Depths:5 [

Portals:
Hell: Depths:1 Depths:2 Depths:3 Depths:4 Depths:5
Abyss: Depths:2 Depths:4
Pandemonium: Depths:3
Ziggurat: Depths:3
Trove: Depths:3 (give 13 potions of heal wounds)

Annotations:
D:10 exclusion: door
Lair:3 3 runed translucent doors, Archem's ghost, journeyman OgTm; Buacuz's ghost, journeyman NaWn; Omnamae's ghost, journeyman MiBe
Spider:1 1 runed translucent door, Pauttozis's ghost, adept CeHu
Elf:1 3 runed translucent doors, clovenhoof's ghost, adept DrWn
Elf:2 2 transporters, Nuryot's ghost, veteran DsGl
Vaults:2 1 runed translucent door, mdk's ghost, adept DECj
Vaults:3 3 runed translucent doors, quaternion's ghost, veteran MiFi


Innate Abilities, Weirdness & Mutations

You have a pair of small horns on your head.
You are partially covered in iridescent scales. (AC +2)
You are robust. (+10% HP)


Message History

You feel much better.
You block the tentacled monstrosity's attack.
The tentacled monstrosity tentacle-slaps you but does no damage.
You block the tentacled monstrosity's attack.
The tentacled monstrosity constricts you!
You regained 14 hp, and now have 52/173 hp.
You fade into invisibility!
A storm dragon comes into view.
The black draconian hits you but does no damage.
The tentacled monstrosity tentacle-slaps you but does no damage.
You block the tentacled monstrosity's attack.
The tentacled monstrosity tentacle-slaps you but does no damage.
* * * LOW HITPOINT WARNING * * *
The tentacled monstrosity constricts you.
You are very lightly contaminated with residual magic.
You take 4 damage, and have 48/173 hp.
The tentacled monstrosity's grasp on you weakens, but your attempt to escape fails.
A black draconian comes into view. It is wielding a +4 hand axe.
A purple draconian comes into view. It is wielding a +0 long sword.
The tentacled monstrosity tentacle-slaps you!
* * * LOW HITPOINT WARNING * * *
You block the tentacled monstrosity's attack. x2
The tentacled monstrosity constricts you.
You take 5 damage, and have 43/173 hp.
You now have 3/57 mp.
You escape the tentacled monstrosity's grasp.
There is a stone staircase leading up, spattered with blood here.
You climb upwards.
A tentacled monstrosity comes into view.
The golden dragon breathes cold at you. The bolt of cold misses you.
The white draconian breathes frost at you.
The blast of cold hits you. You resist.
* * * LOW HITPOINT WARNING * * *
There is a stone staircase leading down here.
As you read the scroll of fog, it crumbles to dust.
The scroll dissolves into smoke.
You feel yourself speed up. The golden dragon breathes fire at you.
The bolt of fire hits you!!!
You die...

..... ######...###§§§§###..#
#.... #........# ##§§§§.#..#
#...###........# ##§X.§#..#
##.<.#..........# #....#
.........####...#####..###
......)..#......##..D....#
......####......##.......# .
................##.......# ...
................@.##...###.....
.....>.........................
###......###......###..#.....#.
#.....#### ######## #^.#.....#
#.....# #..###...# #...### #..#
..#.. ##### #... .... #... ..z
... ...


You could see a golden dragon (catching breath).

Vanquished Creatures
  the Royal Jelly (Slime:5)
  An orb of fire (Zot:1)
  3 juggernauts (Depths:3)
  Sojobo (Vaults:3)
  2 shard shrikes
  5 caustic shrikes
  Nikola (Vaults:3)
  7 golden dragons
  the Enchantress (Depths:2)
  The ghost of Goerukk the Blocker, an adept HuFi (Depths:3)
  3 hellephants
  An electric golem (Zot:1)
  7 tentacled monstrosities
  4 liches
  8 deep elf blademasters
  Asterion (Spider:1)
  Rupert (D:14)
  3 titans (Depths:4)
  2 deep elf master archers (Elf:3)
  16 acid blobs
  A quicksilver dragon (Zot:1)
  Frances (D:13)
  Gastronok (Lair:1)
  4 sphinxes
  5 death cobs
  Kirke (Spider:4)
  9 tengu reavers
  8 storm dragons
  Roxanne (D:14)
  5 azure jellies
  A draconian monk (Zot:2)
  4 fire giants
  5 draconian knights
  8 rockslimes
  4 draconian scorchers
  10 vault wardens
  2 iron dragons
  6 emperor scorpions
  5 orc warlords
  6 frost giants
  8 deep elf sorcerers
  3 ghost moths (Spider:4)
  Louise (Shoals:1)
  5 draconian shifters
  2 deep elf elementalists (Elf:3)
  Aizul (Depths:1)
  14 very ugly things
  3 draconian annihilators
  17 ironbound preservers
  6 spriggan defenders
  13 stone giants
  12 quicksilver oozes
  A caustic shrike skeleton (Depths:1)
  8 green draconians
  3 deep elf demonologists (Elf:3)
  2 vampire knights
  6 entropy weavers
  5 black draconians
  The ghost of mdk the Fighter, a journeyman VSMo of Ashenzari (Lair:6)
  9 deep elf annihilators
  6 red draconians
  A minotaur (Gauntlet)
  6 white draconians
  6 yellow draconians
  3 purple draconians
  Azrael (D:14)
  7 merfolk javelineers (Shoals:4)
  9 dire elephants
  4 deep elf death magi
  2 spark wasps (Spider:4)
  11 ettins
  10 merfolk impalers
  7 yaktaur captains
  A jiangshi (Vaults:3)
  6 fire dragons
  Josephine (Lair:4)
  15 great orbs of eyes
  A peacekeeper (Vaults:4)
  4 deep elf high priests
  12 vault guards
  2 alligator snapping turtles
  3 ironbound thunderhulks
  4 boulder beetles
  7 rakshasas
  11 hydras
  7 ice dragons
  2 spriggan air magi (Depths:2)
  8 merfolk aquamancers
  A catoblepas (Lair:5)
  An ogre mage (D:15)
  5 merfolk avatars
  14 ironbound frosthearts
  3 death knights
  15 centaur warriors
  5 two-headed ogres
  11 deep troll shamans
  26 dancing weapons
  11 ironbound beastmasters
  5 hell hogs (Depths:4)
  4 orc high priests
  2 deep troll earth magi
  3 tengu warriors
  3 satyrs
  4 spriggan berserkers
  A soul eater (Depths:5)
  2 hell knights (Depths:5)
  25 deep elf knights
  8 skeletal warriors
  An iron troll (Depths:4)
  A flayed ghost (Depths:2)
  63 deep trolls
  10 sea snakes
  3 glowing orange brains
  13 deep elf archers
  2 orange crystal statues
  11 wizards
  9 orc knights
  21 harpies
  6 phantasmal warriors
  20 lindwurms
  6 necromancers
  Pikel (D:8)
  15 ironbound convokers
  46 deep elf pyromancers
  34 deep elf zephyrmancers
  24 orb spiders
  3 shining eyes
  15 manticores
  5 cyclopes
  34 wolf spiders
  60 ugly things
  A stone giant zombie (Vaults:2)
  25 fauns
  A cyclops (shapeshifter) (Vaults:1)
  16 moths of wrath
  5 orc sorcerers (Orc:2)
  6 merfolk sirens
  Maurice (D:8)
  14 vault sentinels
  A salamander (Depths:3)
  A salamander (shapeshifter) (D:12)
  8 elephants
  Joseph (D:8)
  2 ice statues (Elf:3)
  3 black mambas
  2 stone giant skeletons
  A guardian serpent (shapeshifter) (D:14)
  A torpor snail (Spider:1)
  A titan simulacrum (Depths:1)
  6 water nymphs
  3 eyes of devastation
  13 cane toads
  Maggie (D:8)
  A spriggan skeleton (Depths:1)
  An unseen horror (D:12)
  A yaktaur zombie (Vaults:2)
  18 yaktaurs
  9 komodo dragons
  5 kobold demonologists
  16 rime drakes
  2 efreet (D:15)
  3 freezing wraiths
  12 demonic crawlers
  2 tengu conjurers
  36 jumping spiders
  2 trolls (D:11)
  A polar bear (shapeshifter) (Elf:3)
  23 polar bears
  38 merfolk
  3 meliai (Gauntlet)
  24 hornets
  9 wind drakes
  A nameless horror (Elf:1)
  A wolf spider simulacrum (D:15)
  4 snapping turtles
  8 dream sheep
  102 slime creatures
  A dream sheep (shapeshifter) (D:14)
  14 blink frogs
  103 redbacks
  A fire dragon zombie (Depths:1)
  4 wyverns
  A flying skull (Vaults:3)
  6 wraiths
  23 spriggans
  3 air elementals
  46 tarantellas
  16 water elementals
  5 fire elementals
  4 vampire mosquitoes (D:12)
  52 yaks
  A human (shapeshifter) (D:14)
  6 humans (D:14)
  A basilisk (shapeshifter) (Elf:1)
  4 steam dragons
  5 golden eyes
  A yak (shapeshifter) (D:14)
  4 basilisks
  3 wargs
  A swamp worm (shapeshifter) (Depths:2)
  20 water moccasins
  8 hydra simulacra
  A floating eye (D:15)
  5 hell hounds (D:14)
  A hornet zombie (D:8)
  2 ice beasts
  2 sky beasts
  4 black bears
  A necrophage (D:6)
  28 orc warriors
  6 ogres
  5 boggarts (Lair:6)
  3 elephant zombies (Lair:4)
  9 centaurs
  23 wolves
  4 lemures (D:8)
  A kobold brigand (D:11)
  Blork the orc (D:4)
  2 gnoll sergeants
  11 bullfrogs
  3 scorpions
  5 earth elementals
  A wyvern skeleton (D:7)
  15 killer bees
  10 electric eels
  3 howler monkeys (D:7)
  2 bullfrog zombies
  4 human zombies (Ossuary)
  A basilisk zombie (Lair:4)
  5 centaur zombies
  19 orc priests
  2 hounds
  A jelly (D:6)
  2 centaur skeletons
  Natasha (thrice) (D:4)
  3 iguanas
  31 orc wizards
  2 wolf simulacra (D:10)
  2 polar bear simulacra (D:10)
  2 killer bee zombies
  A hound zombie (D:5)
  A hound skeleton (D:4)
  4 mummies (Ossuary)
  Robin (D:4)
  A howler monkey zombie (D:7)
  10 gnolls
  A howler monkey skeleton (D:7)
  9 adders
  3 shadow imps
  7 worms
  3 dart slugs
  72 orcs
  5 endoplasms
  5 giant cockroaches
  9 goblins
  8 hobgoblins
  4 quokkas
  3 ball pythons
  9 bats
  2 frilled lizards
  2 goblin zombies (Ossuary)
  12 kobolds
  A kobold zombie (Ossuary)
  6 rats
  A fire vortex (Zot:2)
2158 creatures vanquished.

Vanquished Creatures (collateral kills)
  Arachne (Spider:4)
  A draconian scorcher (Zot:2)
  A deep elf annihilator (Elf:1)
  A deep elf archer (Elf:1)
  2 deep elf pyromancers (Elf:1)
  A tengu conjurer (Depths:1)
  60 foxfires
67 creatures vanquished.

Vanquished Creatures (others)
  A draconian shifter (Zot:1)
  An ironbound convoker (Vaults:1)
  A rime drake (IceCv)
  A jumping spider (Spider:1)
  A redback (Spider:1)
  3 humans
  14 demonic plants (Gauntlet)
  7 fire vortices (Zot:2)
  3094 foxfires
  42 fungi
  171 plants
3336 creatures vanquished.

Grand Total: 5561 creatures vanquished

Notes
Turn   | Place    | Note
-------+----------+-------------------------------------------
     0 | D:1      | trckry the Deep Elf Fire Elementalist began the quest for
                  | the Orb.
     0 | D:1      | Reached XP level 1. HP: 10/10 MP: 6/6
    32 | D:1      | Found Jeurph's Distillery.
   327 | D:1      | Reached XP level 2. HP: 15/15 MP: 4/8
   615 | D:1      | Upgraded the game from 0.27-a0-1434-g6f15984924 to
                  | 0.27-a0-1442-g87b6fcb595
   926 | D:2      | Reached XP level 3. HP: 19/19 MP: 4/9
  1079 | D:2      | Found Daim's Magic Scroll Emporium.
  1489 | D:2      | Found a faded altar of an unknown god.
  1665 | D:2      | Learned a level 3 spell: Conjure Flame
  1841 | D:3      | Reached XP level 4. HP: 24/24 MP: 5/11
  2059 | D:3      | Reached XP level 5. HP: 19/28 MP: 1/13
  2651 | D:3      | Reached skill level 5 in Fire Magic
  3341 | D:4      | Noticed Natasha
  3347 | D:4      | Killed Natasha
  3532 | D:4      | Noticed Robin
  3646 | D:4      | Killed Robin
  3647 | D:4      | Reached XP level 6. HP: 32/32 MP: 5/14
  3927 | D:4      | Noticed Natasha
  3941 | D:4      | Killed Natasha
  4353 | D:4      | Noticed Natasha
  4357 | D:4      | Killed Natasha
  4608 | D:4      | Noticed Blork the orc
  4624 | D:4      | Killed Blork the orc
  4625 | D:4      | Reached skill level 5 in Spellcasting
  4789 | D:4      | Learned a level 5 spell: Fireball
  4803 | D:5      | Entered Level 5 of the Dungeon
  4817 | D:5      | Reached skill level 5 in Conjurations
  4935 | D:5      | Reached XP level 7. HP: 36/36 MP: 8/16
  5472 | D:5      | Reached skill level 1 in Shields
  5912 | D:6      | Found a sand-covered staircase.
  5936 | Ossuary  | Entered an ossuary
  6452 | D:6      | Reached XP level 8. HP: 41/41 MP: 2/17
  7224 | D:6      | Identified the +4 ring mail "Zoatu" {rElec rPois rC-
                  | Regen+}
  7501 | D:7      | Identified the +4 scale mail of Rotation {rC+ rCorr Str+2
                  | Int+3}
  7605 | D:7      | Reached skill level 1 in Fighting
  7605 | D:7      | Reached skill level 1 in Armour
  7605 | D:7      | Reached XP level 9. HP: 47/47 MP: 14/18
  7662 | D:7      | Noticed a deep elf pyromancer
  7671 | D:7      | Killed a deep elf pyromancer
  8022 | D:7      | Found a broken altar of Ashenzari.
  8450 | D:7      | Found a staircase to the Ecumenical Temple.
  8460 | Temple   | Entered the Ecumenical Temple
  8574 | Temple   | Became a worshipper of Vehumet
  8790 | D:8      | Noticed Pikel
  8801 | D:8      | Killed Pikel
  8937 | D:8      | Noticed Maurice
  8947 | D:8      | Killed Maurice
  8948 | D:8      | Reached XP level 10. HP: 55/55 MP: 9/19
  9008 | D:8      | Found Saczoz's Assorted Antiques.
  9021 | D:8      | Bought a scroll labelled BASTOG ICREM for 29 gold pieces
  9021 | D:8      | Bought a scroll labelled KAJICW KUEKIDO for 29 gold pieces
  9100 | D:8      | Noticed Maggie
  9119 | D:8      | Killed Maggie
  9221 | D:8      | Reached skill level 5 in Dodging
  9415 | D:8      | Upgraded the game from 0.27-a0-1442-g87b6fcb595 to
                  | 0.27-a0-1456-gf5a116941d
  9725 | D:8      | Noticed Joseph
  9734 | D:8      | Killed Joseph
  9735 | D:8      | Reached skill level 10 in Fire Magic
 10290 | D:9      | Noticed a two-headed ogre
 10401 | D:9      | Killed a two-headed ogre
 10402 | D:9      | Reached skill level 10 in Conjurations
 10846 | D:9      | Reached * piety under Vehumet
 10846 | D:9      | Offered knowledge of Shock by Vehumet.
 10953 | D:9      | Reached XP level 11. HP: 61/61 MP: 16/22
 11002 | D:9      | Found a staircase to the Lair.
 11087 | D:9      | Noticed a sixfirhy
 11097 | Lair:1   | Entered Level 1 of the Lair of Beasts
 11217 | D:9      | Noticed a sixfirhy
 11231 | D:9      | Noticed a sixfirhy
 11238 | D:9      | HP: 4/62 [smoke demon][a kobold demonologist] (15)]
 11238 | D:9      | HP: 1/62 [sixfirhy[a kobold demonologist] (2)]
 11738 | D:9      | Gained mutation: You evolve. [potion of mutation]
 11738 | D:9      | Gained mutation: You have a pair of small horns on your
                  | head. [potion of mutation]
 11738 | D:9      | Gained mutation: You are robust. (+10% HP) [potion of
                  | mutation]
 11738 | D:9      | Gained mutation: You are partially covered in iridescent
                  | scales. (AC +2) [potion of mutation]
 11762 | D:10     | Entered Level 10 of the Dungeon
 11920 | D:10     | Noticed a two-headed ogre
 11948 | D:10     | Killed a two-headed ogre
 12088 | D:10     | Reached ** piety under Vehumet
 12088 | D:10     | Offered knowledge of Poisonous Vapours by Vehumet.
 12316 | D:10     | Noticed a necromancer
 12329 | D:10     | Killed a necromancer
 12486 | D:10     | Noticed a two-headed ogre
 12494 | D:10     | Killed a two-headed ogre
 12495 | D:10     | Reached skill level 5 in Fighting
 12685 | D:10     | Found Doudd's Weapon Emporium.
 12685 | D:10     | Found a staircase to the Orcish Mines.
 12731 | D:10     | Noticed a two-headed ogre
 12738 | D:10     | Killed a two-headed ogre
 13045 | D:11     | Found a broken altar of Ashenzari.
 13181 | D:11     | Noticed a two-headed ogre
 13194 | D:11     | Killed a two-headed ogre
 13195 | D:11     | Reached skill level 5 in Armour
 13501 | D:11     | Noticed a boulder beetle
 13546 | D:11     | Killed a boulder beetle
 13546 | D:11     | Offered knowledge of Static Discharge by Vehumet.
 13682 | D:11     | Identified the amulet of the Final Nightingales {Spirit
                  | rCorr Int+6}
 13710 | D:11     | Reached XP level 12. HP: 55/74 MP: 10/26
 14347 | D:11     | Learned a level 5 spell: Iskenderun's Battlesphere
 14393 | D:12     | Noticed a five-headed hydra
 14397 | D:12     | Killed a five-headed hydra
 14685 | D:12     | Identified the +5 rapier of Terror {vamp, *Noise Dex+7}
 14704 | D:12     | Found a shimmering blue altar of Sif Muna.
 14807 | D:12     | Reached *** piety under Vehumet
 15589 | Lair:1   | Noticed a six-headed hydra
 15777 | Lair:1   | Got the Incunabulum of Freezing Companions
 15837 | Lair:1   | Killed an eight-headed hydra
 15938 | Lair:1   | Noticed Gastronok
 16167 | Lair:1   | Offered knowledge of Airstrike by Vehumet.
 16462 | Lair:1   | Killed Gastronok
 16717 | Lair:1   | Identified the +8 mace of the Lumpy Stories {vamp, Dex+3}
 17254 | Lair:2   | Lost mutation: You evolve. [evolution]
 17933 | Lair:3   | Reached **** piety under Vehumet
 17937 | Lair:3   | Reached XP level 13. HP: 72/82 MP: 8/28
 18192 | Lair:3   | Found a hole to the Spider Nest.
 18373 | Lair:3   | Offered knowledge of Olgreb's Toxic Radiance by Vehumet.
 18751 | Lair:3   | Found a runed translucent gate.
 18751 | Lair:3   | Found a runed translucent gate.
 18751 | Lair:3   | Found a runed translucent gate.
 18755 | Lair:3   | Noticed Omnamae's ghost (journeyman MiBe)
 18755 | Lair:3   | Noticed Buacuz's ghost (journeyman NaWn)
 18755 | Lair:3   | Noticed Archem's ghost (journeyman OgTm)
 19541 | Lair:4   | Identified the ring of Noon {*Slow Will++ SInv}
 19584 | Lair:4   | Noticed Josephine
 19629 | Lair:3   | Reached skill level 10 in Spellcasting
 20035 | Lair:4   | Found a staircase to the Shoals.
 20422 | Lair:4   | Found a bloodstained altar of Trog.
 20475 | Lair:4   | Killed Josephine
 21165 | Lair:5   | Reached skill level 10 in Dodging
 21580 | Lair:5   | Reached ***** piety under Vehumet
 21591 | Lair:5   | Offered knowledge of Bolt of Magma by Vehumet.
 21832 | Lair:5   | Found a staircase to the Slime Pits.
 22259 | Lair:5   | Learned a level 5 spell: Bolt of Magma
 22260 | Lair:6   | Entered Level 6 of the Lair of Beasts
 22439 | Lair:5   | Reached skill level 1 in Earth Magic
 22453 | Lair:5   | HP: 12/83 [cane toad (11)]
 23159 | Lair:6   | Reached XP level 14. HP: 45/90 MP: 20/30
 23925 | Lair:6   | Found a runed translucent gate.
 23937 | Lair:6   | Found a runed translucent gate.
 23937 | Lair:6   | Found a runed translucent gate.
 25354 | Lair:6   | Noticed mdk's ghost (journeyman VSMo)
 25421 | Lair:6   | Killed mdk's ghost
 25601 | Lair:6   | Learned a level 7 spell: Orb of Destruction
 25773 | Orc:1    | Entered Level 1 of the Orcish Mines
 25781 | Orc:1    | Found Orogenke's Magic Scroll Shop.
 25785 | Orc:1    | Noticed an orc warlord
 25972 | Orc:1    | Killed an orc warlord
 25973 | Orc:1    | Reached skill level 5 in Earth Magic
 26216 | Orc:1    | Found a runed translucent door.
 26675 | Orc:2    | Entered Level 2 of the Orcish Mines
 26693 | Orc:2    | Found Pogism's Armour Boutique.
 26708 | Orc:2    | Found a gate leading to a gauntlet.
 26737 | Gauntlet | Entered a Gauntlet
 26737 | Gauntlet | Found a transporter.
 26737 | Gauntlet | Found a transporter.
 26788 | Gauntlet | Found a transporter.
 26788 | Gauntlet | Found a transporter.
 26800 | Gauntlet | Found a transporter.
 26808 | Gauntlet | Found a transporter.
 26809 | Gauntlet | Found a transporter.
 26811 | Gauntlet | Found a transporter.
 26842 | Gauntlet | Found a transporter.
 26845 | Gauntlet | Found a transporter.
 26863 | Gauntlet | Found a transporter.
 26890 | Gauntlet | Found a transporter.
 26927 | Gauntlet | Found a transporter.
 26934 | Gauntlet | Noticed a quicksilver ooze
 26943 | Gauntlet | Found a transporter.
 27043 | Gauntlet | Found a transporter.
 27065 | Gauntlet | Found a transporter.
 27410 | Gauntlet | Identified the +1 pair of boots of Action {*Corrode Will++}
 27488 | Gauntlet | Identified the +6 hand crossbow "Noost" {flame, Will+}
 27493 | Gauntlet | Reached skill level 15 in Conjurations
 27501 | Gauntlet | Identified a scroll of acquirement
 27501 | Gauntlet | Acquired a +2 pair of gloves of strength
 27575 | Orc:2    | Found a staircase to the Elven Halls.
 27639 | Orc:2    | Found Jattotet's General Store.
 27852 | Orc:2    | Offered knowledge of Lee's Rapid Deconstruction by Vehumet.
 28232 | Orc:2    | Noticed an orc warlord
 28237 | Orc:2    | Killed an orc warlord
 28825 | Orc:2    | Found Veajuk's Assorted Antiques.
 28832 | Orc:2    | Found Aqiosikh's Antique Armour Boutique.
 28844 | Orc:2    | Found Weun's Weapon Shoppe.
 29297 | Orc:2    | Bought a fizzy grey potion for 21 gold pieces
 29507 | Orc:2    | Found Kaicheir's General Store.
 29508 | Orc:2    | Found Coss's Book Emporium.
 29510 | Orc:2    | Found Tido's Antique Armour Emporium.
 29510 | Orc:2    | Found Viemion's Antique Weapon Shoppe.
 29961 | Orc:2    | Bought a silken robe for 159 gold pieces
 29961 | Orc:2    | Identified the +2 robe of Mutualism {Will+} (You bought it
                  | in a shop on level 2 of the Orcish Mines)
 29992 | Orc:2    | Bought a translucent leather armour for 245 gold pieces
 29992 | Orc:2    | Identified the +0 leather armour "Disha" {rF+ Will+ rCorr
                  | MP-9} (You bought it in a shop on level 2 of the Orcish
                  | Mines)
 29992 | Orc:2    | Bought a glowing cloak for 262 gold pieces
 29992 | Orc:2    | Bought a brightly glowing robe for 199 gold pieces
 29992 | Orc:2    | Identified the +2 robe of the Lost Nights {rF+ rC+ Regen+}
                  | (You bought it in a shop on level 2 of the Orcish Mines)
 30231 | D:13     | Noticed Frances
 30264 | D:13     | Killed Frances
 30265 | D:13     | Reached XP level 15. HP: 96/96 MP: 16/31
 30492 | D:13     | Offered knowledge of Starburst by Vehumet.
 31207 | D:14     | Noticed Azrael
 31373 | D:13     | Learned a level 6 spell: Iron Shot
 31739 | D:14     | Noticed Rupert
 31743 | D:14     | Killed Rupert
 32055 | D:14     | Killed Azrael
 32278 | D:14     | Identified Roxanne's Disquisition on Changing
 32278 | D:14     | Noticed Roxanne
 32285 | D:14     | Killed Roxanne
 33043 | D:14     | Found a gate to the Vaults.
 33403 | D:15     | Entered Level 15 of the Dungeon
 33423 | D:15     | Found a sacrificial altar of Ru.
 34077 | D:15     | Offered knowledge of Lightning Bolt by Vehumet.
 34219 | D:15     | Reached skill level 15 in Fire Magic
 34220 | D:15     | Reached XP level 16. HP: 104/104 MP: 27/32
 34552 | D:15     | Found a staircase to the Depths.
 35648 | Spider:1 | Entered Level 1 of the Spider Nest
 36020 | Spider:1 | Reached skill level 10 in Earth Magic
 36669 | Spider:1 | Found a runed translucent door.
 36675 | Spider:1 | Noticed Pauttozis's ghost (adept CeHu)
 36766 | Spider:1 | Offered knowledge of Eringya's Noxious Bog by Vehumet.
 37338 | Spider:1 | Noticed Asterion
 37347 | Spider:1 | Killed Asterion
 38381 | Spider:2 | Offered knowledge of Irradiate by Vehumet.
 38590 | Spider:2 | Reached XP level 17. HP: 108/110 MP: 34/34
 39453 | Spider:2 | Acquired 539 gold pieces
 39455 | Spider:2 | Acquired a +6 quick blade
 39456 | Spider:2 | Acquired 431 gold pieces
 40383 | Spider:3 | Identified the amulet of Tulips {Spirit rF++ rC- rCorr
                  | SInv}
 41537 | Spider:4 | Entered Level 4 of the Spider Nest
 41640 | Spider:4 | Noticed Kirke
 41771 | Spider:4 | Reached ****** piety under Vehumet
 41863 | Spider:4 | Killed Kirke
 41945 | Spider:4 | Offered knowledge of Ignition by Vehumet.
 41960 | Spider:4 | Learned a level 8 spell: Ignition
 42012 | Spider:4 | Noticed Arachne
 42036 | Spider:4 | Killed Arachne
 43813 | Spider:4 | Reached skill level 10 in Fighting
 43923 | Spider:4 | Got a gossamer rune of Zot
 44143 | Shoals:1 | Entered Level 1 of the Shoals
 44305 | Shoals:1 | Reached XP level 18. HP: 115/117 MP: 4/36
 44564 | Shoals:1 | Found Vuagusk's Magic Scroll Boutique.
 44567 | Shoals:1 | Bought a scroll of magic mapping for 63 gold pieces
 44567 | Shoals:1 | Bought a scroll of magic mapping for 63 gold pieces
 44612 | Shoals:1 | Noticed Louise
 44619 | Shoals:1 | Killed Louise
 45537 | Shoals:2 | Offered knowledge of Fire Storm by Vehumet.
 45537 | Shoals:2 | Offered knowledge of Shatter by Vehumet.
 45537 | Shoals:2 | Offered knowledge of Chain Lightning by Vehumet.
 46281 | Shoals:2 | Reached skill level 10 in Armour
 47084 | Shoals:3 | Identified the +5 great mace "Ecear" {freeze, Will+++ Str+3
                  | Int+3}
 47993 | Shoals:4 | Entered Level 4 of the Shoals
 48399 | Shoals:4 | Identified the +6 flail "Suhor" {pain, rN+}
 48847 | Shoals:4 | Got a barnacled rune of Zot
 49106 | Shoals:4 | HP: 16/118 [water nymph/the raging water (7)]
 49509 | Shoals:4 | Reached XP level 19. HP: 107/124 MP: 20/38
 50056 | Vaults:1 | Entered Level 1 of the Vaults
 50359 | Vaults:1 | Found a flickering gateway to a bazaar.
 50367 | Bazaar   | Entered a bazaar
 50367 | Bazaar   | Found Uqouh's Antique Armour Shop.
 50367 | Bazaar   | Found Zaziuser's Distillery.
 50465 | Bazaar   | Bought a distressingly furry cloak for 247 gold pieces
 50465 | Bazaar   | Identified the +0 cloak of Zomof {Str+6} (You bought it in
                  | a shop in a bazaar)
 50472 | Bazaar   | Found Zailisor's Antique Weapon Shop.
 50511 | Bazaar   | Bought a potion of magic for 104 gold pieces
 50511 | Bazaar   | Bought a potion of heal wounds for 65 gold pieces
 50511 | Bazaar   | Bought a potion of heal wounds for 65 gold pieces
 50511 | Bazaar   | Bought a potion of curing for 39 gold pieces
 50511 | Bazaar   | Bought 2 potions of heal wounds for 130 gold pieces
 50511 | Bazaar   | Bought a potion of ambrosia for 104 gold pieces
 50511 | Bazaar   | Bought a potion of mutation for 104 gold pieces
 51335 | Vaults:1 | Found a huge runed gate.
 51335 | Vaults:1 | Found a huge runed gate.
 51335 | Vaults:1 | Found a huge runed gate.
 51336 | Vaults:1 | Found a huge runed gate.
 51337 | Vaults:1 | Found a huge runed gate.
 51338 | Vaults:1 | Found a huge runed gate.
 51338 | Vaults:1 | Found a huge runed gate.
 51339 | Vaults:1 | Found a huge runed gate.
 51339 | Vaults:1 | Found a huge runed gate.
 51339 | Vaults:1 | Found a huge runed gate.
 51340 | Vaults:1 | Found a huge runed gate.
 51340 | Vaults:1 | Found a huge runed gate.
 51341 | Vaults:1 | Found a huge runed gate.
 51342 | Vaults:1 | Found a huge runed gate.
 51343 | Vaults:1 | Found a huge runed gate.
 51344 | Vaults:1 | Found a huge runed gate.
 51345 | Vaults:1 | Found a huge runed gate.
 51362 | Vaults:1 | Noticed a golden dragon
 51365 | Vaults:1 | Killed a golden dragon
 51935 | Vaults:2 | Found a runed translucent door.
 51941 | Vaults:2 | Found a shimmering altar of Xom.
 51941 | Vaults:2 | Noticed mdk's ghost (adept DECj)
 51954 | Vaults:2 | Reached skill level 15 in Earth Magic
 52155 | Vaults:2 | Reached XP level 20. HP: 132/132 MP: 33/40
 53228 | Vaults:2 | You fall into a shaft and drop 1 floor!
 53743 | Vaults:3 | Reached skill level 15 in Spellcasting
 53748 | Vaults:3 | Found Dauff's Book Emporium.
 53936 | Vaults:2 | Reached skill level 20 in Conjurations
 54264 | Vaults:2 | Found Baoful's Jewellery Emporium.
 55509 | Vaults:3 | Found a staircase to the Crypt.
 55730 | Vaults:3 | Noticed Sojobo
 56447 | Vaults:3 | Killed Sojobo
 57163 | Vaults:3 | Reached XP level 21. HP: 114/138 MP: 8/42
 57328 | Vaults:3 | Noticed Nikola
 57334 | Vaults:3 | Killed Nikola
 57350 | Vaults:3 | Found a runed translucent gate.
 57352 | Vaults:3 | Found a runed translucent gate.
 57354 | Vaults:3 | Found a runed translucent gate.
 57357 | Vaults:3 | Noticed quaternion's ghost (veteran MiFi)
 59013 | Vaults:4 | Reached skill level 20 in Fire Magic
 59576 | Vaults:4 | Learned a level 1 spell: Apportation
 59580 | Vaults:4 | Learned a level 3 spell: Swiftness
 59588 | Vaults:4 | Learned a level 7 spell: Spellforged Servitor
 59955 | Elf:1    | Entered Level 1 of the Elven Halls
 60110 | Elf:1    | Identified the +0 ring mail of Baldness {Int+3 Stlth+}
 60389 | Elf:1    | Found Ofuah's Distillery.
 60453 | Elf:1    | Paralysed by an air elemental for 1 turns
 60507 | Elf:1    | Reached skill level 1 in Air Magic
 60683 | Elf:1    | Found Ipsuosuu's Incredible Inventory.
 60706 | Elf:1    | Reached skill level 1 in Summonings
 60709 | Elf:1    | Reached skill level 1 in Translocations
 60901 | Elf:1    | Got the Guide on Supportive Attacks
 61191 | Elf:1    | Found a runed translucent gate.
 61200 | Elf:1    | Found a runed translucent gate.
 61201 | Elf:1    | Found a runed translucent gate.
 61203 | Elf:1    | Noticed clovenhoof's ghost (adept DrWn)
 61634 | Elf:2    | HP: 19/139 [deep elf knight/shard of ice (36)]
 62304 | Elf:2    | Found Muimnafe's Book Boutique.
 62553 | Elf:2    | Noticed Nuryot's ghost (veteran DsGl)
 62560 | Elf:2    | Found a transporter.
 62563 | Elf:2    | Found a transporter.
 62722 | Elf:2    | Found a huge runed translucent gate.
 62722 | Elf:2    | Found a huge runed translucent gate.
 62725 | Elf:2    | Found a huge runed translucent gate.
 62725 | Elf:2    | Found a huge runed translucent gate.
 62727 | Elf:2    | Found a huge runed translucent gate.
 63079 | Elf:2    | Reached XP level 22. HP: 129/145 MP: 17/44
 64307 | Elf:3    | Entered Level 3 of the Elven Halls
 64367 | Elf:3    | Found Seadoaluoq's Armour Shop.
 64393 | Elf:3    | Found a frozen archway.
 64557 | IceCv    | Entered an ice cave
 64755 | IceCv    | Identified the +4 war axe of Famine {pain, Str+9}
 65088 | IceCv    | Noticed a shard shrike
 65117 | IceCv    | Reached skill level 5 in Air Magic
 65224 | IceCv    | Killed a shard shrike
 65541 | Elf:3    | Found Lirhet's Antique Armour Shoppe.
 65574 | Elf:3    | Bought a pair of embroidered boots for 262 gold pieces
 65574 | Elf:3    | Bought a glowing scarf for 280 gold pieces
 65694 | Elf:3    | Found Zoqer's Weapon Shoppe.
 65727 | Elf:3    | Found Vitt's Distillery.
 66275 | Elf:3    | Identified the +10 quarterstaff of Linearity {vorpal, rF+
                  | rC- Str+2 Int+7}
 66275 | Elf:3    | Identified the ring of Oenomania {rF+ rCorr Str+6 Int-5
                  | Dex+2}
 66679 | Elf:3    | Identified the ring of the Blind Eye {Ice rN+ Will++ Dex+2}
 66914 | Elf:3    | Identified the ring "Gedootios" {Fly Int+4}
 66921 | Elf:3    | Identified the amulet "Yvoid" {rC++ Regen+}
 66944 | Elf:3    | Identified the +10 whip of Nibaaz {flame, rN+ Will- MP+9
                  | SInv}
 66971 | Elf:3    | Identified the ring "Cedorec" {rCorr Str+6}
 66975 | Elf:3    | Reached skill level 5 in Translocations
 66996 | Elf:3    | Reached skill level 5 in Summonings
 67197 | Elf:3    | Got the Disquisition on Moulding
 67200 | Elf:3    | Got the Almanac of Unstable Sinister Secrets
 67208 | Elf:3    | Identified the +2 chain mail of the Land of Plenty {Regen+
                  | Int+8 Dex-4}
 67407 | Elf:3    | Bought a potion of heal wounds for 65 gold pieces
 67407 | Elf:3    | Bought a potion of magic for 104 gold pieces
 67407 | Elf:3    | Bought a potion of heal wounds for 65 gold pieces
 67407 | Elf:3    | Bought a potion of curing for 39 gold pieces
 67407 | Elf:3    | Bought a potion of curing for 39 gold pieces
 67407 | Elf:3    | Bought a potion of heal wounds for 65 gold pieces
 67407 | Elf:3    | Bought a potion of curing for 39 gold pieces
 67470 | Orc:2    | Bought a ring of wizardry for 510 gold pieces
 67647 | Slime:1  | Entered Level 1 of the Pits of Slime
 67878 | Slime:2  | Reached XP level 23. HP: 137/151 MP: 20/45
 68403 | Slime:5  | Entered Level 5 of the Pits of Slime
 69331 | Slime:5  | Noticed the Royal Jelly
 69336 | Slime:5  | Killed the Royal Jelly
 69582 | Slime:5  | Found the necklace of Bloodlust {*Rage +Rage Will++ Int-3
                  | Slay+6}
 69751 | Slime:5  | Got Ereshkigal's Reference Book on Black Rites
 69753 | Slime:5  | Got a slimy rune of Zot
 69755 | Slime:5  | Got the Incunabulum of the Birds
 69763 | Slime:5  | Identified the +6 battleaxe of the Pit {drain, rF++ Will-
                  | Str+8}
 69784 | Slime:5  | Identified the +6 lajatang "Fauj" {protect, Fly rN+ SInv}
 69868 | Slime:5  | Identified the +1 robe of the Doldrums {Will+}
 70076 | Slime:5  | Identified the +0 chain mail "Ublean" {Contam +Blink rElec
                  | Regen+}
 70332 | Depths:1 | Entered Level 1 of the Depths
 70515 | Depths:1 | Found a gateway to Hell.
 71286 | Depths:1 | Noticed Aizul
 71291 | Depths:1 | Killed Aizul
 71379 | Depths:1 | Found an opulent altar of Gozag.
 71718 | Depths:1 | Identified the ring of the Pariah {rElec rPois rC+ Int+6
                  | Dex-2}
 72113 | Depths:2 | Found a white marble altar of Elyvilon.
 72262 | Depths:2 | Found the brooch of Shielding {Spirit SH+8}
 72262 | Depths:2 | Found a one-way gate to the infinite horrors of the Abyss.
 72881 | Depths:2 | Reached XP level 24. HP: 155/159 MP: 41/46
 72881 | Depths:2 | Noticed the Enchantress
 72884 | Depths:2 | Killed the Enchantress
 72974 | Depths:2 | Identified the +9 shortbow of Bacveden {flame, Fly rN+}
 73378 | Depths:3 | Reached skill level 10 in Air Magic
 73518 | Depths:3 | Found Ronyun's Weapon Emporium.
 73519 | Depths:3 | Identified the +2 chain mail "Quigar" {rPois rF+}
 73571 | Depths:3 | Found a portal to a secret trove of treasure.
 73610 | Depths:3 | Identified the +10 great sword of Plunder {flame, rElec
                  | rC++}
 73666 | Depths:3 | Found Loucazi's Armour Shop.
 73852 | Depths:3 | Found a gateway to a ziggurat.
 73886 | Depths:3 | Found Lasus's Antique Armour Shop.
 73935 | Depths:3 | Noticed a juggernaut
 73936 | Depths:3 | Found a bloodstained altar of Trog.
 73936 | Depths:3 | Noticed Goerukk's ghost (adept HuFi)
 73999 | Depths:3 | Found Zeriapoi's Magic Scroll Boutique.
 74004 | Depths:3 | Bought a scroll of teleportation for 48 gold pieces
 74107 | Depths:3 | Noticed a juggernaut
 74108 | Depths:3 | Identified the amulet "Lyble" {rC+ Regen+}
 74112 | Depths:3 | Found a transporter.
 74117 | Depths:3 | Found a transporter.
 74310 | Depths:3 | Noticed a juggernaut
 74313 | Depths:3 | Killed a juggernaut
 74423 | Depths:3 | Found a one-way gate leading to the halls of Pandemonium.
 74660 | Depths:3 | Killed a juggernaut
 74660 | Depths:3 | Killed a juggernaut
 74663 | Depths:3 | Killed Goerukk's ghost
 74665 | Depths:3 | Identified the +0 ring mail of the Evening Star {*Slow
                  | Str+4 Slay+2}
 74678 | Depths:3 | Identified the +0 cloak of the Dice {rC+ Int+3}
 75467 | Depths:4 | HP: 7/159 [hellephant/blast of flame (41)]
 75802 | Depths:4 | Learned a level 9 spell: Chain Lightning
 76183 | Depths:4 | HP: 17/159 [hellephant/blast of flame (54)]
 76957 | Depths:4 | Identified the +8 spear of Kueneg {elec, *Slow rF++ Will+
                  | Dex+3}
 77798 | Depths:4 | Reached XP level 25. HP: 165/165 MP: 44/47
 77942 | Depths:4 | Found Ydoubreg's Jewellery Emporium.
 78088 | Depths:5 | Entered Level 5 of the Depths
 78088 | Depths:5 | Found Bimnin's Antique Armour Shoppe.
 78583 | Depths:5 | Found a gate to the Realm of Zot.
 79880 | Depths:5 | Found a white marble altar of Elyvilon.
 80214 | Depths:5 | Learned a level 9 spell: Fire Storm
 80251 | Zot:1    | Entered Level 1 of the Realm of Zot
 80943 | Zot:1    | Acquired a +0 cloak of willpower
 80999 | Zot:1    | Noticed a shard shrike
 81766 | Zot:1    | Killed a shard shrike
 82708 | Zot:1    | Noticed an orb of fire
 82711 | Zot:1    | Killed an orb of fire
 83132 | Zot:2    | Reached XP level 26. HP: 121/173 MP: 12/48
 83695 | Zot:2    | You fall into a shaft and drop 1 floor!
 83963 | Zot:3    | HP: 25/173 [red draconian/searing blast (33)]
 83983 | Zot:2    | Killed from afar by a golden dragon

Illustrated notes

Levels and vault maps discovered:
D:1:      sevenhm_arrival_forest_fort_small_4, layout_loops_ring, serial_shops,
          nicolae_diamond_shop, minmay_indecisive_spiral
D:2:      layout_loops_ring, serial_shops, shop,
          shapermc_ecumenical_altar_mp_vishouse
D:3:      layout_loops_corners
D:4:      layout_basic, uniq_natasha, uniq_robin, uniq_blork_the_orc
D:5:      layout_basic
D:6:      layout_loops_cross, nicolae_ossuary_entry_plus, nrook_pool_corridor
D:7:      layout_gridville, nicolae_overflow_crystal_walls, temple_hall,
          guppyfry_early_elven_hall
D:8:      layout_cave_pods, serial_shops, nicolae_shop_trees,
          grunt_ministairs_6, uniq_joseph, uniq_pikel, uniq_maggie, uniq_maurice
D:9:      layout_long_grid, minmay_lair_entry_grove
D:10:     layout_cave_pools, orc_david_3, eino_house_with_fridge
D:11:     layout_basic, amcnicky_mini_rare_corridor_liquid, ashenzari_altar_1
D:12:     layout_long_grid, minmay_misc_feat_rugged, st_stairs_13,
          nicolae_sif_muna_little_library
D:13:     layout_cave_pods, elves_outpost_lemuel, uniq_frances
D:14:     layout_big_octagon, ximxim_vaults_locker_room, serial_park,
          serial_bayou_lagoon_a, uniq_azrael, uniq_roxanne, uniq_rupert
D:15:     hangedman_depths_entry_try_elsewhere_first, layout_irregular_city,
          hangedman_ru_absence, onia_ninara_cookie
Temple:   kilobyte_greek_temple
Lair:1:   layout_roguey, grunt_megastairs_4, uniq_gastronok
Lair:2:   layout_regular_city, infiniplex_staircase_pool, serial_bayou_shore_a
Lair:3:   layout_layer_cave, nicolae_spider_entry_non_spiders,
          gammafunk_ghost_cemetery, minivault_24
Lair:4:   pond_and_an_island_with_a_cottage, layout_gridlike,
          minmay_shoals_entry_centaurs, basic_altar, serial_bayou_shore_b,
          uniq_josephine
Lair:5:   layout_long_grid, minmay_slime_entry_pillars
Lair:6:   minmay_lair_end_enchanted_forest, layout_regular_city,
          ebering_ghost_rock_garden, grunt_megastairs_2
Shoals:1: layout_shoals, nicolae_shoals_c_island, uniq_louise
Shoals:2: layout_shoals, nicolae_shoals_aquamancer_cove
Shoals:3: layout_shoals
Shoals:4: shoals_end_simple, layout_shoals
Spider:1: layout_spider_delve, ebering_ghost_inner_flame, uniq_asterion
Spider:2: nicolae_spider_hilbert_zone_1 [nicolae_spider_hilbert_4_sides_1_open,
          nicolae_spider_hilbert_4_sides_1_open,
          nicolae_spider_hilbert_4_sides_1_open,
          nicolae_spider_hilbert_4_sides_1_open,
          nicolae_spider_hilbert_3_sides_1_open,
          nicolae_spider_hilbert_3_sides_1_open,
          nicolae_spider_hilbert_3_sides_1_open,
          nicolae_spider_hilbert_3_sides_1_open,
          nicolae_spider_hilbert_3_sides_1_open,
          nicolae_spider_hilbert_6_sides_1_open,
          nicolae_spider_hilbert_6_sides_1_open,
          nicolae_spider_hilbert_3_sides_1_open,
          nicolae_spider_hilbert_3_sides_1_open,
          nicolae_spider_hilbert_3_sides_1_open,
          nicolae_spider_hilbert_3_sides_1_open,
          nicolae_spider_hilbert_2_sides_1_open]
Spider:3: layout_spider_delve, hangedman_spider_tarantella_strand,
          nicolae_spider_cling_halls
Spider:4: spider_rune_water, uniq_kirke, uniq_arachne
Slime:1:  layout_caves
Slime:2:  layout_caves
Slime:3:  layout_caves, uniq_dissolution
Slime:4:  layout_caves
Slime:5
Orc:1:    layout_diamond_mine, basic_altar, serial_shops, shop,
          lightli_church_of_beogh
Orc:2:    st_orc_congregation, layout_caves, serial_shops, shop_fountains,
          shop_statue, shop, shop, nicolae_shop_behind_doors, basic_altar,
          gauntlet_entry_generic
Elf:1:    layout_geoelf_octagon, ebering_ghost_rock_garden, minmay_elf_sorcery,
          nicolae_take_the_stairs, nicolae_alphabet_shops
Elf:2:    layout_gridlike, serial_shops, shop_statue, gammafunk_ghost_arena
Elf:3:    minmay_elf_hall, layout_geoelf_octagon, serial_shops, shop,
          nicolae_square_shop, shop, shop, portal_ice_cave_entry_ice_statue_two
Vaults:1: vaults_door_vault, nicolae_vaults_big_angled_halls, v_alt_pattern_4,
          vaults_room_fours, nicolae_vaults_border_crossing,
          nicolae_vaults_sealed_display, layout_vaults_big_room, serial_shops,
          freezing_bzr
Vaults:2: ebering_vaults_ghost_xom, v_misc_22, v_alt_pattern_4,
          grunt_vaults_funnel, hangedman_vaults_nails, vaults_room_corners,
          nicolae_vaults_little_squares_2, v_misc_2, v_misc_18,
          ontoclasm_vaults_chip, layout_vaults_omnicross, serial_shops,
          nicolae_shop_statue_plus
Vaults:3: gammafunk_vaults_ghost_necromancy, nicolae_vaults_shelves_hall,
          nicolae_vaults_little_ls, v_misc_4, hangedman_vaults_stitches,
          ontoclasm_vaults_fault, grunt_vaults_diagonal, v_rooms_6,
          nicolae_vaults_windows_and_doors_thing, vaults_dpeg_ring,
          minmay_crypt_entry_simple_box, layout_vaults_quadrants, serial_shops,
          nicolae_square_shop, uniq_nikola, uniq_sojobo
Vaults:4: nicolae_vaults_asterisk, vaults_room_octagon, v_alt_pattern_2,
          v_misc_19, hangedman_vaults_cutoff, vaults_mumra_minichess,
          hangedman_vaults_capsules, ontoclasm_vaults_claustrophobia,
          vaults_dpeg_doors, grunt_vaults_trifunnel,
          ontoclasm_vaults_misaligned, nicolae_vaults_mini_display_case,
          grunt_vaults_hallway_short, layout_vaults_maze
Depths:1: layout_gridlike, hell_entry, abandoned_shop,
          serial_sigils_hangedman_scratch, chequers_jeans, dk_noncrumbling_2,
          minivault_15, grunt_gozag_breadcrumbs, grunt_megastairs_1, uniq_aizul
Depths:2: evilmike_pillar_path, layout_twisted_cross,
          hangedman_abyss_entry_splay, elyvilon_altar_1, hell_entry,
          uniq_enchantress
Depths:3: cheibrodos_hall_of_evolution, layout_gridlike, enter_ziggurat_b,
          pf_coc_iceberg, nicolae_sextant, gammafunk_ghost_wrathful_warriors,
          enter_trove_2, serial_shops, shop, shop,
          nicolae_shop_overgrown_old_shop, shop, rand_demon_pan_entry_9
Depths:4: grunt_house_of_mirrors, layout_honeycomb, dk_noncrumbling_3,
          serial_shops, nicolae_square_shop, abyss_entry_crystal,
          grunt_hell_horde, corexii_corridor_pit
Depths:5: grunt_zot_entry_tricorne, layout_small_grid,
          lemuel_coloured_pillars_altar, hangedman_tar_grid_catacomb,
          serial_shops, shop
Zot:1:    layout_cellular_growth, hangedman_elemental_grid_stream
Zot:2:    layout_misc_corridors, gammafunk_ghost_split
Zot:3:    layout_cathedral_of_symmetry, st_stairs_10

Skill      XL: |  1  2  3  4  5  6  7  8  9 10 11 12 13 14 15 16 17 18 19 20 21 22 23 24 25 |
---------------+----------------------------------------------------------------------------+-----
Conjurations   | 2 3 4 5 6 7 9 10 12 13 14 15 16 17 18 19 20 21 22 23 | 23.9
Fire Magic     | 4 5 6 7 8 9 10 11 12 14 15 16 17 18 19 20 21 22 23 | 23.5
Spellcasting   | 4 5 6 8 9 10 11 12 13 14 15 16 17 18 19 | 19.4
Shields        | 2 3 4 |  4.0
Dodging        | 3 4 6 8 9 10 | 10.0
Fighting       | 1 2 4 5 6 7 8 9 10 11 12 13 14 | 14.2
Armour         | 1 2 3 5 6 7 8 9 10 | 10.0
Earth Magic    | 2 6 9 11 12 13 15 16 17 18 19 | 19.2
Air Magic      | 3 7 9 11 13 | 13.7
Summonings     | 2 5 |  5.0
Translocations | 2 5 |  5.0
Stealth        | |  2.4

Action                   |  1- 3 |  4- 6 |  7- 9 | 10-12 | 13-15 | 16-18 | 19-21 | 22-24 | 25-27 || total
-------------------------+-------+-------+-------+-------+-------+-------+-------+-------+-------++-------
Melee: Quarterstaff      |       |     9 |       |       |       |       |       |       |       ||     9
       Scimitar          |       |       |    37 |   144 |   294 |   640 |   305 |    30 |     6 ||  1456
       Headbutt          |       |       |       |    33 |   106 |   188 |   106 |     8 |     1 ||   442
Throw: Dart              |       |       |       |    15 |    16 |       |       |       |       ||    31
       Javelin           |       |       |       |       |     1 |     4 |     1 |       |       ||     6
 Cast: Foxfire           |    71 |   184 |   232 |   571 |   732 |    26 |     5 |       |       ||  1821
       Conjure Flame     |       |     3 |     3 |    19 |    31 |       |       |       |       ||    56
       Fireball          |       |       |       |    19 |   103 |    28 |       |       |       ||   150
       Iskenderun's Batt |       |       |       |     1 |    21 |     2 |       |       |       ||    24
       Bolt of Magma     |       |       |       |       |    51 |   122 |    71 |    38 |     5 ||   287
       Orb of Destructio |       |       |       |       |    38 |    26 |     3 |     2 |    14 ||    83
       Iron Shot         |       |       |       |       |    24 |   223 |   272 |   409 |   199 ||  1127
       Ignition          |       |       |       |       |       |    38 |    91 |    94 |    29 ||   252
       Spellforged Servi |       |       |       |       |       |       |     2 |     1 |       ||     3
       Chain Lightning   |       |       |       |       |       |       |       |     2 |     1 ||     3
       Fire Storm        |       |       |       |       |       |       |       |       |     2 ||     2
       Swiftness         |       |       |       |       |       |       |       |       |     2 ||     2
Evoke: Wand              |       |       |       |       |     1 |       |       |     1 |       ||     2
  Use: Scroll            |       |       |     9 |     9 |     5 |     9 |     6 |     7 |     6 ||    51
       Potion            |       |       |     3 |    10 |     3 |     8 |     6 |     2 |    11 ||    43
 Stab: Sleeping          |       |       |     3 |     2 |     1 |     6 |     1 |       |       ||    13
       Distracted        |       |       |       |       |       |     1 |     1 |       |       ||     2
Armor: Robe              |     2 |     7 |     6 |       |       |       |       |       |       ||    15
       Ring mail         |       |       |    24 |   163 |   285 |   709 |   269 |    50 |       ||  1500
       Scale mail        |       |       |       |       |       |       |       |     8 |       ||     8
       Acid dragon scale |       |       |       |       |       |       |       |     9 |    45 ||    54
Dodge: Dodged            |     5 |    24 |    49 |   246 |   547 |  1039 |   371 |    63 |    51 ||  2395
Block: Buckler           |       |       |    15 |    92 |   229 |   515 |   215 |    48 |    52 ||  1166
       Reflection        |       |       |       |       |       |       |       |     2 |     1 ||     3
       Rpst.: Scimitar   |       |       |    14 |    80 |   106 |   162 |    61 |     3 |       ||   426

Table legend: (Time is in decaauts)
 A = Elapsed time spent in this place.
 B = Non-inter-level travel time spent in this place.
 C = Inter-level travel time spent in this place.
 D = Time resting spent in this place.
 E = Time spent auto-exploring this place.
 F = Levels seen in this place.
 G = Mean time per level.
                   A        B        C        D        E       F      G
               +--------+--------+--------+--------+--------+-----+--------+
         Total |  85082 |  80542 |   4540 |  16885 |  43379 |  56 | 1519.3 |
       Dungeon |  21219 |  20045 |   1174 |   2831 |  13830 |  15 | 1414.6 |
        Temple |    150 |    144 |      6 |      0 |    124 |   1 |  150.0 |
          Lair |  11659 |  10854 |    805 |   1718 |   6325 |   6 | 1943.2 |
        Shoals |   6132 |   5927 |    205 |   1480 |   2770 |   4 | 1533.0 |
   Spider Nest |   8007 |   7068 |    939 |    864 |   4067 |   4 | 2001.8 |
    Slime Pits |   2371 |   2326 |     45 |   1039 |    335 |   5 |  474.2 |
  Orcish Mines |   3457 |   3069 |    388 |    112 |   2115 |   2 | 1728.5 |
   Elven Halls |   6579 |   6257 |    322 |   1717 |   2660 |   3 | 2193.0 |
        Vaults |   9576 |   9274 |    302 |   2820 |   2807 |   4 | 2394.0 |
        Depths |  10514 |  10169 |    345 |   2724 |   6129 |   5 | 2102.8 |
           Zot |   3173 |   3167 |      6 |    862 |   1741 |   3 | 1057.7 |
        Bazaar |    163 |    163 |      0 |     79 |     38 |   1 |  163.0 |
       Ossuary |    352 |    352 |      0 |    133 |      0 |   1 |  352.0 |
      Ice Cave |    950 |    950 |      0 |    345 |     91 |   1 |  950.0 |
      Gauntlet |    773 |    773 |      0 |    161 |    346 |   1 |  773.0 |
               +--------+--------+--------+--------+--------+-----+--------+

Top non-repeatable levels by time:
Vaults:3: 3297 daAuts
Depths:4: 3252 daAuts
   Elf:2: 2747 daAuts
   Zot:1: 2554 daAuts
  Lair:6: 2522 daAuts
Depths:5: 2498 daAuts
   Orc:2: 2443 daAuts
Spider:4: 2430 daAuts
Vaults:2: 2422 daAuts
  Lair:3: 2384 daAuts
    D:14: 2349 daAuts
Vaults:4: 2216 daAuts
  Lair:5: 2208 daAuts
Spider:2: 2193 daAuts
   Elf:3: 2189 daAuts
